 Dungeon Crawl Stone Soup version 0.23.0-3-gf3c87f2 (webtiles) character file.

Game seed: 8763840322172103369

36 misha the Poker (level 3, 0/30 HPs)
             Began as a Merfolk Berserker on Feb 24, 2019.
             Was a Believer of Trog.
             Slain by a hobgoblin
             ... wielding a cursed -1 club
              (3 damage)
             ... on level 2 of the Dungeon.
             The game lasted 00:04:49 (1233 turns).

misha the Poker (Merfolk Berserker)                 Turns: 1233, Time: 00:04:51

Health: 0/30       AC:  0    Str: 18    XL:     3   Next: 37%
Magic:  3/3        EV: 13    Int:  6    God:    Trog [**....]
Gold:   80         SH:  0    Dex: 13    Spells: 2/2 levels left

rFire    . . .     SeeInvis .   a - +0 spear
rCold    . . .     Gourm    .   (no shield)
rNeg     . . .     Faith    .   (no armour)
rPois    .         Spirit   .   (no helmet)
rElec    .         Reflect  .   (no cloak)
rCorr    .         Harm     .   (no gloves)
MR       .....                  (no boots)
Stlth    +.........             (no amulet)
HPRegen  0.10/turn              (no ring)
MPRegen  0.08/turn              (no ring)

@: no status effects
A: change form in water, swift swim, stealthy swim
a: Berserk, Trog's Hand, Renounce Religion


You were on level 2 of the Dungeon.
You worshipped Trog.
Trog was pleased with you.
You were very hungry.

You visited 1 branch of the dungeon, and saw 2 of its levels.

You collected 80 gold pieces.

Inventory:

Hand Weapons
 a - a +0 spear (weapon)
Missiles
 l - 18 poisoned needles
Armour
 b - a +0 animal skin
 m - a +0 pair of boots
 q - a +0 robe of magic resistance
Jewellery
 e - an uncursed amulet of magic regeneration {unknown}
Wands
 o - a wand of iceblast (12)
Scrolls
 g - 3 scrolls of remove curse {unknown}
 h - 3 scrolls of enchant armour {unknown}
 i - a scroll of fog {unknown}
 k - a scroll of teleportation {unknown}
 n - a scroll of magic mapping {unknown}
 p - a scroll of immolation {unknown}
Potions
 d - a potion of haste {unknown}
 f - a potion of might {unknown}
 j - a potion of berserk rage {unknown}
Comestibles
 c - 4 rations


   Skills:
 + Level 3.9 Fighting
 + Level 5.3 Polearms
 - Level 1.4 Armour
 + Level 3.2 Dodging


You had 2 spell levels left.
You didn't know any spells.
Your spell library contained the following spells:

 Spells                   Type           Power        Failure   Level  Hunger
 Magic Dart               Conj           #...         45%         1    ##.....
 Blink                    Tloc           N/A          58%         2    ###....
 Call Imp                 Summ           #.......     58%         2    ###....
 Slow                     Hex            #.......     58%         2    ###....
 Conjure Flame            Conj/Fire      #.......     83%         3    ####...
 Mephitic Cloud           Conj/Pois/Air  #.......     83%         3    ####...


Dungeon Overview and Level Annotations

Branches:
Dungeon (2/15)

Altars:
Uskayaw


Message History

You are too injured to fight recklessly!
You are too injured to fight recklessly!
You are too injured to fight recklessly!
You are too injured to fight recklessly!
You are too injured to fight recklessly!
You are too injured to fight recklessly!
You are too injured to fight recklessly!
You are too injured to fight recklessly!
You hit the kobold.
The kobold is heavily wounded.
The kobold hits you.
* * * LOW HITPOINT WARNING * * *
The hobgoblin closely misses you.
You hit the kobold.
The kobold is severely wounded.
The kobold closely misses you.
You hit the kobold but do no damage.
The kobold is severely wounded.
The hobgoblin hits you with a cursed -1 club.
You die...

#...)..# #..# #...#..#
#..####
#...#((####......
###.###...###.(.....###
......!.......((....#
###.###...#.#..###..##
#..........# #...#
#.#(#g###....###...##
#...@K........†......
#.#.###..[#..##.#.#..
..... .......##.#.#.#
#####. #...#># #.#.#.#
#. ........#.### #.
#....####...# #. #....
##### #. ### # #.


You could see a hobgoblin and a kobold.

Vanquished Creatures
  A worm (D:2)
  A dart slug (D:2)
  7 giant cockroaches
  5 goblins
  3 hobgoblins
  3 bats
  2 kobolds (D:2)
  6 rats
28 creatures vanquished.

Notes
Turn   | Place    | Note
-------+----------+-------------------------------------------
     0 | D:1      | misha the Merfolk Berserker began the quest for the Orb.
     0 | D:1      | Reached XP level 1. HP: 18/18 MP: 1/1
   257 | D:1      | Reached XP level 2. HP: 24/24 MP: 2/2
   665 | D:2      | Found a hide-covered altar of Uskayaw.
   665 | D:2      | Noticed a +0 hand axe
   666 | D:2      | Noticed a +0 hand axe
   684 | D:2      | Reached skill level 5 in Polearms
   927 | D:2      | Reached ** piety under Trog
   927 | D:2      | Reached XP level 3. HP: 26/30 MP: 3/3
  1233 | D:2      | Slain by a hobgoblin

Skill      XL: |  1  2 |
---------------+-------+-----
Polearms       | 5 |  5.3
Dodging        | 3 |  3.2
Fighting       | |  3.9
Armour         | |  1.4

Action                   || total
-------------------------++-------
Melee: Spear             ||   104
 Stab: Sleeping          ||     2
       Distracted        ||     2
Armor: Animal skin       ||    18
Dodge: Dodged            ||    42
